 Dungeon Crawl Stone Soup version 0.29-a0-1027-gcd8c55af63 (webtiles) character file.

Game seed: 1073033879505393802

7504 leavemydog the Thaumaturge (level 10, -4/56 HPs)
             Began as a Deep Elf Conjurer on Aug 12, 2022.
             Was a Believer of Vehumet.
             Slain by a fire elemental (9 damage)
             ... summoned by a deep elf pyromancer
             ... on level 10 of the Dungeon.
             The game lasted 00:28:14 (12733 turns).

leavemydog the Thaumaturge (Deep Elf Conjurer)     Turns: 12733, Time: 00:28:16

Health: -4/56      AC:  7    Str:  4    XL:     10   Next: 95%
Magic:  18/29      EV:  6    Int: 31    God:    Vehumet [**....]
Gold:   469        SH:  0    Dex: 13    Spells: 19/36 levels left

rFire   . . .      SeeInvis +   y - +7 hand axe of the New World {freeze, Int+3}
rCold   . . .      Faith    .   (no shield)
rNeg    . . .      Spirit   .   D - +0 steam dragon scales
rPois   .          Reflect  .   C - +0 helmet
rElec   .          Harm     .   a - +0 cloak
rCorr   .          Rampage  .   (no gloves)
Will    +....                   (no boots)
Stlth   ++........              A - amulet of the acrobat
HPRegen 0.18/turn               F - ring of see invisible
MPRegen 0.21/turn               (no ring)

@: very slightly contaminated, held
A: no striking features
a: Renounce Religion


You were on level 10 of the Dungeon.
You worshipped Vehumet.
Vehumet was pleased with you.
You visited 1 branch of the dungeon, and saw 10 of its levels.

You collected 469 gold pieces.

Inventory:

Hand Weapons
 y - the +7 hand axe of the New World (weapon) {freeze, Int+3}
   (You found it on level 4 of the Dungeon)

   It freezes those it strikes, dealing additional cold damage.
   It can also slow down cold-blooded creatures.
   Int:       It affects your intelligence (+3).
 H - the +4 short sword of Division {vorpal, Will+ rCorr}
   (You found it on level 9 of the Dungeon)

   It inflicts extra damage upon your enemies.
   rCorr:     It protects you from acid and corrosion.
   Will:      It increases your willpower.
Armour
 a - a +0 cloak (worn)
 C - a +0 helmet (worn)
 D - +0 steam dragon scales (worn)
Jewellery
 l - a ring of fire
 u - a ring of ice
 A - an amulet of the acrobat (around neck)
 F - a ring of see invisible (left hand)
Wands
 c - a wand of quicksilver (5)
 f - a wand of roots (9)
 E - a wand of polymorph (14)
 J - a wand of flame (24)
Scrolls
 d - a scroll of summoning {unknown}
 g - 2 scrolls of fear
 h - 2 scrolls of silence
 i - 2 scrolls of immolation
 j - a scroll of amnesia {unknown}
 k - 2 scrolls of poison
 q - a scroll of brand weapon {unknown}
 t - 2 scrolls of enchant weapon
 v - 3 scrolls of teleportation
 w - 3 scrolls of magic mapping {unknown}
 x - a scroll of butterflies {unknown}
 B - a scroll of noise {unknown}
Potions
 b - 2 potions of magic
 e - a potion of heal wounds
 m - 7 potions of curing
 n - 3 potions of mutation
 o - a potion of cancellation {unknown}
 p - 2 potions of lignification {unknown}
 r - 2 potions of haste {unknown}
 s - a potion of flight {unknown}
 z - 2 potions of might
 G - a potion of brilliance {unknown}
 I - a potion of invisibility {unknown}
 K - a potion of attraction {unknown}


   Skills:
 * Level 3.3 Fighting
 - Level 0.1 Axes
 - Level 2.4 Dodging
 - Level 2.4 Stealth
 + Level 13.5 Spellcasting
 + Level 11.4 Conjurations
 - Level 7.2 Hexes
 - Level 5.8 Translocations
 * Level 2.8 Earth Magic


You had 19 spell levels left.
You knew the following spells:

 Your Spells              Type           Power      Damage    Failure   Level
a - Magic Dart            Conj           100%       1d8       1%          1
b - Searing Ray           Conj           100%       2d8       1%          2
c - Iskenderun's Mystic   Conj/Tloc      65%        2d13      1%          4
d - Dazzling Flash        Conj/Hex       100%       N/A       1%          3
e - Fulminant Prism       Conj/Hex       34%        3d16      1%          4
f - Sandblast             Erth           76%        2d16      1%          1
g - Poisonous Vapours     Pois/Air       40%        N/A       3%          2

Your spell library contained the following spells:

 Spells                   Type           Power      Damage    Failure   Level
 Frozen Ramparts          Ice            40%        1d7       7%          3
 Slow                     Hex            100%       N/A       1%          1
 Confusing Touch          Hex            60%        N/A       1%          3
 Gell's Gravitas          Tloc           55%        N/A       1%          3
 Lesser Beckoning         Tloc           55%        N/A       1%          3
 Teleport Other           Tloc           55%        N/A       1%          3
 Tukima's Dance           Hex            60%        N/A       1%          3
 Passage of Golubria      Tloc           55%        N/A       1%          4
 Vampiric Draining        Necr           20%        2d7       7%          3
 Yara's Violent Unravell  Hex/Tmut       21%        3d10      14%         5
 Dispersal                Tloc           27%        N/A       30%         6


Dungeon Overview and Level Annotations

Branches:
Dungeon (10/15)            Temple (0/1) D:7            Lair (0/5) D:9
    Orc (0/2) D:9

Altars:
Elyvilon
Sif Muna
Vehumet
Zin

Shops:
D:5 *   D:9 [

Annotations:
D:1 1 transporter
D:10 Harold


Message History

The searing ray hits Harold but does no damage.
Harold is moderately wounded.
The fire elemental hits you. The fire elemental burns you!
The searing ray misses the fire elemental.
The searing ray hits Harold but does no damage.
Harold is moderately wounded.
The searing ray hits the deep elf pyromancer.
The deep elf pyromancer is lightly wounded.
The fire elemental hits you. The fire elemental burns you!
* * * LOW HITPOINT WARNING * * *
Harold is engulfed in blazing flames.
The fire elemental hits you. The fire elemental burns you!
* * * LOW HITPOINT WARNING * * *
You feel much better.
Harold is engulfed in blazing flames.
The fire elemental hits you. The fire elemental burns you!
The deep elf pyromancer gestures wildly while chanting.
The deep elf pyromancer blinks!
You feel much better.
Harold thinks, and says "Perhaps I'll take up hiking after I'm done here..."
The fire elemental hits you. The fire elemental burns you!
Casting: Searing Ray (safe; 1% risk of failure)
Confirm with . or Enter, or press ? or * to list all spells.
You miscast Iskenderun's Mystic Blast.
You are very lightly contaminated with residual magic.
Nothing appears to happen.
The fire elemental hits you. The fire elemental burns you!
* * * LOW HITPOINT WARNING * * *
Casting: Iskenderun's Mystic Blast (dangerous; 1% risk of failure)
Confirm with . or Enter, or press ? or * to list all spells.
You erupt in a blast of force!
The mystic blast hits Harold!
Harold is severely wounded.
Harold is knocked back by the mystic blast.
Harold collides with the fire elemental!
The fire elemental is lightly damaged.
Harold is severely wounded.
The mystic blast hits the fire elemental!
The fire elemental is heavily damaged.
The fire elemental is knocked back by the mystic blast.
The fire elemental hits you. The fire elemental burns you!
You die...

@e°§. #..~≈~~~~
... #...~~~~. ~°.
#.~...... #○##
#........ #.#.##
#.#####.. #E#..# #
#.# #@##.# #.#
#E##.## #.# #..
#@##..####.######.
#.................
#####..###.#######
##.###.#######
#..##........
#######.##........
..................
#######..#........
##.#........


You could see Harold and 2 fire elementals.

Vanquished Creatures
  The ghost of stringoo the Fighter, a novice OpBr (D:5)
  Maggie (D:6)
  Prince Ribbit (D:6)
  A troll (D:7)
  A centaur simulacrum (D:10)
  2 wyverns
  An unseen horror simulacrum (D:10)
  A steam dragon (D:5)
  13 yaks
  A water moccasin (D:9)
  5 orc warriors
  A black bear (D:9)
  2 sky beasts (D:5)
  2 ice beasts
  3 ogres
  2 wolves (D:10)
  A centaur (D:5)
  3 kobold brigands
  A bullfrog (D:7)
  2 necrophages (D:6)
  4 scorpions
  9 wights
  4 killer bees (D:8)
  A howler monkey (D:5)
  3 hounds
  9 orc priests
  A jelly (D:6)
  Crazy Yiuf (D:6)
  10 orc wizards
  3 gnolls (D:3)
  6 adders
  2 shadow imps
  2 white imps
  An ufetubus (D:7)
  2 worms
  2 dart slugs
  43 orcs
  8 ball pythons
  5 bats
  5 endoplasms
  9 giant cockroaches
  7 goblins
  5 hobgoblins
  2 jackals (D:3)
  19 kobolds
  2 quokkas
  6 frilled lizards
  9 rats
225 creatures vanquished.

Vanquished Creatures (others)
  9 fulminant prisms
  12 fungi (D:9)
  19 plants (D:9)
40 creatures vanquished.

Grand Total: 265 creatures vanquished

Notes
Turn   | Place    | Note
-------+----------+-------------------------------------------
     0 | D:1      | leavemydog the Deep Elf Conjurer began the quest for the
                  | Orb.
     0 | D:1      | Reached XP level 1. HP: 10/10 MP: 6/6
   305 | D:1      | Reached XP level 2. HP: 15/15 MP: 5/8
   308 | D:1      | Learned a level 2 spell: Searing Ray
   387 | D:1      | Reached skill level 5 in Conjurations
   737 | D:1      | Found a faded altar of an unknown god.
   836 | D:1      | Reached XP level 3. HP: 19/19 MP: 7/9
  1637 | D:2      | Reached skill level 1 in Hexes
  1829 | D:2      | Reached XP level 4. HP: 24/24 MP: 7/11
  2119 | D:2      | Learned a level 4 spell: Iskenderun's Mystic Blast
  2127 | D:2      | Reached skill level 1 in Translocations
  2349 | D:3      | Identified the +3 hand axe of Uskayaw, Dancing {venom,
                  | rElec MP-9 Str+2}
  2604 | D:3      | Reached skill level 4 in Spellcasting
  2604 | D:3      | Reached XP level 5. HP: 13/28 MP: 0/13
  3200 | D:3      | Found a faded altar of an unknown god.
  3200 | D:3      | Noticed an ogre
  3205 | D:3      | Killed an ogre
  3252 | D:3      | Reached skill level 5 in Spellcasting
  3252 | D:3      | Reached XP level 6. HP: 32/32 MP: 8/15
  3380 | D:3      | Found a white marble altar of Elyvilon.
  4084 | D:4      | Identified the +7 hand axe of the New World {freeze, Int+3}
  4258 | D:5      | Entered Level 5 of the Dungeon
  4282 | D:5      | Noticed a sky beast
  4283 | D:5      | Noticed an orc warrior
  4300 | D:5      | Killed a sky beast
  4301 | D:5      | Reached skill level 6 in Spellcasting
  4403 | D:5      | Reached XP level 7. HP: 6/36 MP: 10/18
  4659 | D:4      | Learned a level 3 spell: Dazzling Flash
  5113 | D:5      | Found Bunafir's Gadget Gallery.
  5141 | D:5      | Reached skill level 7 in Spellcasting
  5207 | D:5      | Learned a level 4 spell: Fulminant Prism
  5434 | D:5      | Found a shimmering blue altar of Sif Muna.
  5463 | D:5      | Found a radiant altar of Vehumet.
  5491 | D:5      | Found a runed translucent door.
  5516 | D:5      | Became a worshipper of Vehumet
  5544 | D:5      | Noticed stringoo's ghost (novice OpBr)
  5771 | D:5      | Killed stringoo's ghost
  5772 | D:5      | Reached skill level 8 in Spellcasting
  5772 | D:5      | Reached skill level 5 in Hexes
  5772 | D:5      | Reached XP level 8. HP: 9/41 MP: 0/22
  6178 | D:6      | Reached skill level 9 in Spellcasting
  6183 | D:6      | Noticed Maggie
  6200 | D:6      | Killed Maggie
  6201 | D:6      | Reached XP level 9. HP: 8/45 MP: 1/24
  6564 | D:6      | Noticed Prince Ribbit
  6569 | D:6      | Killed Prince Ribbit
  6570 | D:6      | Reached skill level 5 in Translocations
  6955 | D:6      | Found a runed translucent door.
  6956 | D:6      | Noticed Crazy Yiuf
  7183 | D:6      | Killed Crazy Yiuf
  7184 | D:6      | Reached skill level 10 in Spellcasting
  7240 | D:7      | Noticed a troll
  7247 | D:7      | Killed a troll
  8140 | D:7      | Found a staircase to the Ecumenical Temple.
  8157 | D:7      | You fall into a shaft and drop 1 floor!
  8359 | D:8      | Reached skill level 11 in Spellcasting
  8830 | D:8      | Reached * piety under Vehumet
  8830 | D:8      | Offered knowledge of Sandblast by Vehumet.
  8833 | D:8      | Learned a level 1 spell: Sandblast
  8873 | D:8      | Reached skill level 10 in Conjurations
  8879 | D:8      | Reached skill level 1 in Fighting
  9533 | D:9      | Reached XP level 10. HP: 52/52 MP: 15/27
  9700 | D:9      | Identified the +4 short sword of Division {vorpal, Will+
                  | rCorr}
  9733 | D:9      | Reached skill level 12 in Spellcasting
  9857 | D:9      | Found Vyanne's Antique Armour Emporium.
 10243 | D:9      | Reached skill level 1 in Earth Magic
 10560 | D:9      | Found a staircase to the Lair.
 10832 | D:9      | Found a glowing silver altar of Zin.
 11155 | D:9      | Offered knowledge of Poisonous Vapours by Vehumet.
 11157 | D:9      | Reached ** piety under Vehumet
 11161 | D:9      | Learned a level 2 spell: Poisonous Vapours
 11326 | D:9      | Found a staircase to the Orcish Mines.
 11937 | D:10     | Entered Level 10 of the Dungeon
 11989 | D:10     | Reached skill level 13 in Spellcasting
 12460 | D:10     | Offered knowledge of Frozen Ramparts by Vehumet.
 12719 | D:10     | Noticed a deep elf pyromancer
 12719 | D:10     | Noticed Harold
 12733 | D:10     | Slain by a fire elemental

Illustrated notes

Levels and vault maps discovered:
D:1:      spicycebolla_arrival_risky_transporter, layout_basic,
          hellmonk_ecumenical_altar_run_dry, serial_bayou_pond_d,
          minmay_misc_feat_columns, kennysheep_decorative_pillar,
          minmay_misc_feat_doors
D:2:      layout_loops_ring, small_statue_intersection, st_stairs_13,
          corexii_leaking_fountain, grunt_ministairs_4
D:3:      layout_basic, nicolae_overflow_ecumenical_swirl, corexii_corridor_pit
D:4:      layout_cave_pools
D:5:      layout_gridville, minitemple, gammafunk_ghost_grave,
          nicolae_shop_gadgets
D:6:      layout_rooms, uniq_maggie, uniq_crazy_yiuf_cottage,
          uniq_prince_ribbit1
D:7:      layout_gridville, minmay_temple_entry_hall,
          amcnicky_mini_corridor_feature
D:8:      layout_rooms
D:9:      layout_cave_pods, zin_treasury, grunt_lair_entry_orc_guard_hut,
          minmay_orc_entry_temple_small, serial_shops, shop
D:10:     layout_basic, serial_ice, serial_ice_a, serial_ice_l, serial_ice_f,
          serial_ice_m, serial_ice_g, serial_ice_o, serial_ice_b, uniq_joseph,
          uniq_urug, uniq_harold

Skill      XL: |  1  2  3  4  5  6  7  8  9 10 |
---------------+-------------------------------+-----
Conjurations   | 5 6 8 10 11 | 11.4
Hexes          | 1 2 3 5 6 7 |  7.2
Translocations | 1 2 4 5 |  5.8
Spellcasting   | 4 5 6 8 9 11 13 | 13.5
Fighting       | 1 3 |  3.3
Earth Magic    | 2 |  2.8
Axes           | |  0.1
Dodging        | |  2.4
Stealth        | |  2.4

Action                   |  1- 3 |  4- 6 |  7- 9 | 10-12 || total
-------------------------+-------+-------+-------+-------++-------
Melee: Short sword       |     4 |     1 |       |       ||     5
       Unarmed           |     2 |       |       |       ||     2
       Hand axe          |       |       |     7 |       ||     7
 Cast: Magic Dart        |    73 |   113 |   130 |   147 ||   463
       Searing Ray       |     1 |     8 |    25 |    16 ||    50
       Iskenderun's Myst |       |       |    18 |    24 ||    42
       Dazzling Flash    |       |       |     2 |       ||     2
       Fulminant Prism   |       |       |     3 |     6 ||     9
       Sandblast         |       |       |       |    22 ||    22
  Use: Potion            |       |     1 |     2 |     2 ||     5
       Scroll            |       |     2 |     6 |     1 ||     9
Armor: Robe              |       |     1 |     6 |       ||     7
       Steam dragon scal |       |       |    24 |    21 ||    45
Dodge: Dodged            |     6 |    10 |    83 |    51 ||   150

Table legend: (Time is in decaauts)
 A = Elapsed time spent in this place.
 B = Non-inter-level travel time spent in this place.
 C = Inter-level travel time spent in this place.
 D = Time resting spent in this place.
 E = Time spent auto-exploring this place.
 F = Levels seen in this place.
 G = Mean time per level.
                   A        B        C        D        E       F      G
               +--------+--------+--------+--------+--------+-----+--------+
         Total |  12764 |  12437 |    327 |   5532 |   5496 |  10 | 1276.4 |
       Dungeon |  12764 |  12437 |    327 |   5532 |   5496 |  10 | 1276.4 |
               +--------+--------+--------+--------+--------+-----+--------+

Top non-repeatable levels by time:
     D:9: 2055 daAuts
     D:5: 1672 daAuts
     D:8: 1571 daAuts
     D:6: 1374 daAuts
     D:2: 1191 daAuts
     D:1: 1183 daAuts
     D:3: 1139 daAuts
     D:4: 987 daAuts
    D:10: 802 daAuts
     D:7: 786 daAuts
